 Dungeon Crawl Stone Soup version 0.17-b1-18-g553e9fc (webtiles) character file.

173 1Viktor the Chopper (level 5, -2/46 HPs)
             Began as a Hill Orc Fighter on Nov 4, 2015.
             Slain by Blork the orc
             ... wielding a +0 flail
              (8 damage)
             ... on level 4 of the Dungeon.
             The game lasted 00:08:27 (3087 turns).

1Viktor the Chopper (Hill Orc Fighter)              Turns: 3087, Time: 00:08:27

Health: -2/46      AC:  8    Str: 20    XL:     5   Next: 53%
Magic:  5/5        EV:  8    Int:  8    God:
Gold:   238        SH:  9    Dex: 14    Spells: 0 memorised, 4 levels left

rFire  . . .     SeeInvis .     a - +1 war axe
rCold  . . .     Clarity  .     b - +0 scale mail
rNeg   . . .     SustAt   .     c - +0 shield
rPois  .         Gourm    .     (no helmet)
rElec  .         Spirit   .     v - +0 cloak
rCorr  .         Warding  .     (no gloves)
rMut   .         Stasis   .     (no boots)
MR     .....                    (no amulet)
Stlth  ..........               (no ring)
                                q - +4 ring of dexterity

@: not resistant to hostile enchantments, extremely unstealthy
A: no striking features
a: no special abilities


You were on level 4 of the Dungeon.
You were not hungry.

You visited 1 branch of the dungeon, and saw 4 of its levels.

You collected 238 gold pieces.

Inventory:

Hand Weapons
 a - a +1 war axe (weapon)
Armour
 b - a +0 scale mail (worn)
 c - a +0 shield (worn)
 v - a +0 cloak (worn)
Jewellery
 q - a +4 ring of dexterity (left hand)
Scrolls
 f - 2 scrolls of enchant weapon
 h - 2 scrolls of teleportation
 i - 5 scrolls of identify
 l - a scroll of noise {unknown}
 m - 2 scrolls of enchant armour {unknown}
 o - 2 scrolls of magic mapping {unknown}
 p - 4 scrolls of remove curse {unknown}
 t - 3 scrolls of amnesia {unknown}
 u - 2 scrolls of immolation {unknown}
 x - a scroll of random uselessness {unknown}
Potions
 d - 2 potions of might
 g - a potion of heal wounds
 j - a potion of degeneration
 n - a potion of curing
 w - a potion of lignification
Comestibles
 e - 2 bread rations
 k - 2 beef jerkies
 r - a slice of pizza
 s - a meat ration


   Skills:
 + Level 4.3 Fighting
 * Level 5.0 Axes
 + Level 4.1 Armour
 + Level 1.0 Dodging
 + Level 4.0 Shields


You had 4 spell levels left.
You didn't know any spells.

Dungeon Overview and Level Annotations

Branches:
Dungeon (4/15)
 Temple: D:4-7

Altars:
Gozag
Nemelex Xobeh
Yredelemnul
Zin

Shops:
D:4 [%

Annotations:
D:4 Blork the orc


Message History

The magic dart hits you!
You hear some strange, mumbled words.
A magic dart appears from out of thin air!
The magic dart hits you!
You miss something. You block its attack.
You hear some strange, mumbled words.
A puff of flame appears from out of thin air!
The puff of flame hits you!
You hit something.
You hear some strange, mumbled words.
A puff of frost appears from out of thin air!
The puff of frost hits you!
* * * LOW HITPOINT WARNING * * *
Something hits you.
* * * LOW HITPOINT WARNING * * *
You hear some strange, mumbled words.
A puff of flame appears from out of thin air!
The puff of flame misses you. Something hits you!
You die...

.#..#####..#
.#..#[):#..#########
.#..#$!!#..........#
.#..#=$(#..#######.########
.#..#####..# ###.........
.#.........# #......#####
.#.........# #.####.#
.#######.### #.# .#
.........# #@# .#
####.##### ####.####.#####.
#.# #.(............. #.#
#.##.###.######. #.# #.##.#
#... #.# #.##.# #####
####(# #.##.# .....# #.##!#
###### #.##.#


There were no monsters in sight!

Vanquished Creatures
  A worker ant (D:4)
  2 adders
  4 gnolls (D:3)
  2 oozes (D:2)
  An adder zombie (D:3)
  3 giant geckos (D:1)
  2 orcs (D:3)
  2 ball pythons
  7 bats
  3 giant cockroaches
  9 goblins
  13 hobgoblins
  5 jackals
  5 giant newts
  2 gnoll zombies (D:2)
  7 kobolds
  3 quokkas
  A rat (D:1)
72 creatures vanquished.

Notes
Turn   | Place    | Note
--------------------------------------------------------------
     0 | D:1      | 1Viktor the Hill Orc Fighter began the quest for the Orb.
     0 | D:1      | Reached XP level 1. HP: 19/19 MP: 1/1
   337 | D:1      | Reached XP level 2. HP: 18/27 MP: 2/2
   708 | D:1      | Reached XP level 3. HP: 29/33 MP: 3/3
   945 | D:2      | Found a basalt altar of Yredelemnul.
  1201 | D:2      | Found a sparkling altar of Nemelex Xobeh.
  1201 | D:2      | Found an opulent altar of Gozag.
  1651 | D:2      | Reached skill level 4 in Fighting
  1651 | D:2      | Reached XP level 4. HP: 38/40 MP: 4/4
  2098 | D:3      | Reached XP level 5. HP: 31/46 MP: 5/5
  2475 | D:3      | Reached skill level 1 in Dodging
  2592 | D:4      | Found a glowing silver altar of Zin.
  2629 | D:4      | Found Zerac's Food Emporium.
  2790 | D:4      | Found Naseamas's Armour Shoppe.
  2912 | D:4      | Reached skill level 5 in Axes
  2952 | D:4      | Got a scorched whip
  2953 | D:4      | Identified the +2 whip "Lifebane" {holy, Int+2} (You found it on level 4 of the Dungeon)
  3062 | D:4      | Noticed Blork the orc
  3078 | D:4      | HP: 2/46 [Blork the orc/flail (11)]
  3087 | D:4      | Slain by Blork the orc

Action                   |  1- 3 |  4- 6 || total
-------------------------+-------+-------++-------
Melee: War axe           |   148 |   114 ||   262
  Use: Scroll            |       |     6 ||     6
       Potion            |       |     2 ||     2
  Eat: Chunk             |     2 |     5 ||     7
